Map: Cerulean Fall LE

Players

Piroxiljin

  • Race: Terran Terran
  • Spawn Location: 7:00

A.I. 1 (Hard)

  • Race: Terran Terran
  • Spawn Location: 1:00

VOD

Have the link to the VOD?

Description

Time

  • Played on: Jan. 18, 2019, 12:24 p.m.
  • Length: 5:54
Show
View Real Time Build Order
Export as new Build Order

Piroxiljin Terran 

Build Orders:  

Get SALT Encoding   

  12  0:02  SCV  
  13  0:15  SCV  
  13  0:19  Supply Depot  
  14  0:28  Refinery  
  14  0:33  SCV  
  15  0:46  SCV  
  15  0:49  Barracks  
  16  0:59  SCV  
  17  1:12  SCV  
  18  1:20  Supply Depot  
  18  1:26  SCV, Refinery  
  19  1:51  Barracks Reactor  
  19  1:58  SCV  
  20  2:05  Factory  
  21  2:16  Orbital Command  
  20  2:42  SCV  
  21  2:58  Marine  
  21  3:05  Barracks  
  22  3:12  Hellion  
  24  3:13  Factory, Hellion  
  24  3:16  Marine  
  27  3:40  Hellion  
  27  3:41  Hellion  
  31  3:45  Barracks Reactor  
  31  4:04  Hellion  
  31  4:05  Hellion  
  31  4:07  Supply Depot  
  31  4:18  Factory Reactor  
  31  4:20  Barracks Reactor  
  31  4:29  Hellion x2  
  32  4:35  Marine x2  
  32  4:46  Supply Depot  
  32  4:50  Hellion x2  
  33  4:53  Marine  
  30  5:11  Factory, Hellion x3  
  30  5:12  Hellion  
Show
View Real Time Build Order
Export as new Build Order

A.I. 1 (Hard) Terran 

Build Orders:  

Get SALT Encoding   

  12  0:00  SCV  
  13  0:13  SCV  
  14  0:18  Supply Depot  
  14  0:25  SCV  
  15  0:40  SCV  
  16  0:45  Barracks  
  16  0:50  Refinery  
  16  0:52  SCV  
  17  1:04  SCV  
  18  1:16  SCV  
  19  1:21  Supply Depot  
  19  1:29  SCV  
  19  1:32  Marine  
  21  1:41  Orbital Command  
  21  1:52  Barracks Tech Lab, Barracks  
  21  2:03  Supply Depot  
  21  2:10  Marine  
  22  2:23  SCV  
  22  2:27  Marine  
  24  2:32  Refinery  
  24  2:35  SCV  
  25  2:38  Supply Depot, Marine  
  26  2:46  Marauder  
  26  2:47  SCV, Engineering Bay  
  29  2:56  Marine  
  30  2:59  SCV  
  31  3:07  Marauder  
  31  3:12  SCV  
  34  3:24  SCV  
  35  3:29  Marauder  
  37  3:57  SCV  
  37  4:21  Barracks Tech Lab  
  37  4:22  Reaper  
  37  4:23  Factory  
  38  4:25  Missile Turret  
  38  4:27  Supply Depot  
  38  4:31  Missile Turret  
  37  4:39  Marine  
  38  4:52  Bunker  
  38  4:54  Marine  
  38  4:57  Reaper  
  39  5:07  Factory Tech Lab  
  39  5:10  Factory  
  39  5:11  Marine  
  39  5:26  Barracks  
  38  5:30  Marauder, Marine  
  38  5:34  Command Center  
  35  5:53  Factory Tech Lab  
Tags
 
Matchup
TvT
Race
Terran
Spawn Locations
Cross Positions
Add a new tag
Caveats
  • Supply blocks, unpowered buildings, or Contaminate may cause inaccurate times.
  • Supply counts are checked every 10 seconds.